 Dungeon Crawl Stone Soup version 0.29-a0-414-g5075937ec3 (webtiles) character file.

Game seed: 13981557168347395212

9 purpskrrrp the Sneak (level 2, -6/29 HPs)
             Began as a Troll Delver on May 15, 2022.
             Mangled by an ogre
             ... wielding a +0 giant club
              (20 damage)
             ... on level 3 of the Dungeon.
             The game lasted 00:01:01 (112 turns).

purpskrrrp the Sneak (Troll Delver)                  Turns: 112, Time: 00:01:02

Health: -6/29      AC:  4    Str: 19    XL:     2   Next: 3%
Magic:  1/1        EV:  9    Int:  6    God:
Gold:   17         SH:  0    Dex: 11    Spells: 1/1 levels left

rFire   . . .      SeeInvis .   h - +0 quarterstaff
rCold   . . .      Faith    .   (shield currently unavailable)
rNeg    . . .      Spirit   .   b - +0 robe
rPois   .          Reflect  .   (helmet restricted)
rElec   .          Harm     .   (no cloak)
rCorr   .          Rampage  .   (gloves unavailable)
Will    .....                   (boots unavailable)
Stlth   ++........              (no amulet)
HPRegen 0.89/turn               (no ring)
MPRegen 0.07/turn               (no ring)

@: no status effects
A: large, unfitting armour, claws 3, regeneration 1, shaggy fur 1, tough skin 1
a: no special abilities


You were on level 3 of the Dungeon.
You visited 1 branch of the dungeon, and saw 3 of its levels.

You collected 17 gold pieces.

Inventory:

Hand Weapons
 a - a +0 falchion
 h - a +0 quarterstaff (weapon)
Armour
 b - a +0 robe (worn)
Wands
 g - a wand of digging (3)
Scrolls
 c - a scroll of fog
 d - a scroll of magic mapping
 e - a scroll of fear
Potions
 f - a potion of haste


   Skills:
 + Level 2.5 Fighting
 + Level 1.5 Long Blades
 + Level 1.6 Dodging
 + Level 3.0 Stealth


You had one spell level left.
You didn't know any spells.
Your spell library was empty.

Dungeon Overview and Level Annotations

Branches:
Dungeon (5/15)
 Temple: D:4-7

Altars:

Shops:
D:4 =

Annotations:
D:3 Sigmund


Innate Abilities, Weirdness & Mutations

You are too large for most types of armour.
You have claws for hands.
Your natural rate of healing is unusually fast.
You are covered in fur. (AC +1)
You have tough skin. (AC +1)


Message History

There is an escape hatch in the ceiling here.
A mysterious force pulls you upwards. The hatch slams shut behind you.
Found 13 gold pieces and a robe.
Found Ijaclell's Jewellery Shop.
You now have 17 gold pieces (gained 13).
Found a rapier and a ring mail.
A hound comes into view.
A worm comes into view.
An adder comes into view.
Found a stone staircase leading up.
The adder hisses angrily.
You see here a +0 robe.
An ogre comes into view. It is wielding a +0 giant club.
The ogre shouts!
You closely miss the adder. The adder bites you.
You are poisoned.
The adder poisons you! The adder closely misses you.
You barely miss the adder.
You feel sick. The adder barely misses you.
The adder bites you but does no damage.
You miss the adder.
You feel sick. The adder bites you but does no damage.
You sock the adder!
You kill the adder!
You feel sick. The ogre closely misses you.
Your Stealth skill increases to level 3!
You have reached level 2!
You feel sick.
You are no longer poisoned.
The worm bites you! The worm bites you but does no damage.
The ogre attacks as you move away! The ogre barely misses you.
There is a stone staircase leading up here.
The ogre hits you with a +0 giant club.
You climb upwards.
There is a stone staircase leading down here.
Sigmund the Dreaded comes into view.
He is wielding a +0 scythe.
The ogre hits you with a +0 giant club.
There is a stone staircase leading down here.
Sigmund shouts!
The ogre hits you with a +0 giant club!!
Ouch! That really hurt!
You die...

##### ##.#.#.##
#.......#
########>#@#.##
.....^.@Or......
...#####.#.#.##.
...... #.#.#.#
#######


You could see an ogre, Sigmund and a rat.

Vanquished Creatures
  An adder (D:4)
1 creature vanquished.

Notes
Turn   | Place    | Note
-------+----------+-------------------------------------------
     0 | D:5      | purpskrrrp the Troll Delver began the quest for the Orb.
     0 | D:5      | Reached XP level 1. HP: 22/22 MP: 0/0
    82 | D:5      | Noticed a water moccasin
    87 | D:4      | Found Ijaclell's Jewellery Shop.
    94 | D:4      | Noticed a hound
    97 | D:4      | Noticed an ogre
   103 | D:4      | Reached skill level 3 in Stealth
   103 | D:4      | Reached XP level 2. HP: 26/29 MP: 1/1
   110 | D:3      | Noticed Sigmund
   112 | D:3      | Mangled by an ogre

Illustrated notes

Levels and vault maps discovered:
D:3:      layout_loops_ring, st_stairs_8, minmay_ruptured, uniq_sigmund
D:4:      layout_basic, lemuel_tele_altar, serial_shops, nicolae_square_shop,
          minmay_misc_feat_cross, uniq_duvessa
D:5:      layout_basic, pdpol_temple_overflow_zin_treasury_gozag_greed,
          serial_shops, nicolae_shop_stone, nicolae_stop_n_shop_2, shop

Skill      XL: |  1 |
---------------+----+-----
Stealth        | 3 |  3.0
Fighting       | |  2.5
Long Blades    | |  1.5
Dodging        | |  1.6

Action                   || total
-------------------------++-------
Melee: Quarterstaff      ||     4
Armor: Robe              ||     3
Dodge: Dodged            ||     4

Table legend: (Time is in decaauts)
 A = Elapsed time spent in this place.
 B = Non-inter-level travel time spent in this place.
 C = Inter-level travel time spent in this place.
 D = Time resting spent in this place.
 E = Time spent auto-exploring this place.
 F = Levels seen in this place.
 G = Mean time per level.
                   A        B        C        D        E       F      G
               +--------+--------+--------+--------+--------+-----+--------+
         Total |    112 |    102 |     10 |      0 |     73 |   3 |   37.3 |
       Dungeon |    112 |    102 |     10 |      0 |     73 |   3 |   37.3 |
               +--------+--------+--------+--------+--------+-----+--------+

Top non-repeatable levels by time:
     D:5: 86 daAuts
     D:4: 23 daAuts
     D:3: 2 daAuts
